 Dungeon Sprint DCSS version 0.21.1-1-g345015f (webtiles) character file.

459958 equalderp2856 the Minotaur Barricade (level 21, 41/224 HPs)
             Began as a Minotaur Fighter on May 16, 2018.
             Starved to death
             ... in the Dungeon (Sprint IX: "|||||||||||||||||||||||||||||").
             The game lasted 00:43:55 (16703 turns).

equalderp2856 the Minotaur Barricade (MiFi)        Turns: 16703, Time: 00:43:56

Health: 41/224     AC: 46    Str: 28    XL:     21   Next: 36%
Magic:  41/41      EV: 24    Int: 10    God:
Gold:   1809       SH: 20    Dex: 18    Spells: 40/54 levels left

rFire    + + .     SeeInvis .   d - +9 broad axe
rCold    + + .     Gourm    .   c - +0 shield
rNeg     + . .     Faith    .   b - +9 scales of the Dragon King {rPois rF+ rC+ MR+}
rPois    +         Spirit   .   (helmet restricted)
rElec    .         Reflect  .   C - scarf {repulsion}
rCorr    .         Harm     .   X - +0 pair of gloves {archery}
MR       ++...     NoTele   +   N - +2 pair of boots
Stlth    ..........             (no amulet)
HPRegen  0.47/turn              F - ring "Rurpho Rial" {rF+ rC+ rN+ Str+4 Dex+6}
MPRegen  0.27/turn              R - +4 ring of protection

@: fainting, repel missiles
A: retaliatory headbutt, horns 2, blurry vision 1, MP-powered wands
}: 7/15 runes: decaying, serpentine, barnacled, slimy, elven, silver, gossamer
a: no special abilities


You were in the Dungeon.
You were fainting.

You visited 1 branch You collected 1965 gold pieces.
You spent 156 gold pieces at shops.

Inventory:

Hand Weapons
 a - a +0 war axe
 d - a +9 broad axe (weapon)
 p - a +3 war axe of freezing
 I - a +1 hand crossbow of flaming
Armour
 b - the +9 scales of the Dragon King (worn) {rPois rF+ rC+ MR+}
   (You found it in the Dungeon)

   It protects you from fire.
   It protects you from cold.
   It protects you from poison.
   It affects your resistance to hostile enchantments.
 c - a +0 shield (worn)
 s - a +0 plate armour
 u - a +1 plate armour of cold resistance
 A - a +0 pair of gloves
 C - a scarf of repulsion (worn)
 J - a +4 plate armour of fire resistance
 K - a +0 plate armour of magic resistance
 L - the cursed +0 cloak of Ifesafig {MP+9}
   (You found it in the Dungeon)

   It affects your magic capacity (+9).
   It has a curse placed upon it.
 M - a +2 plate armour
 N - a +2 pair of boots (worn)
 V - a +5 plate armour
 X - a +0 pair of gloves of archery (worn)
 Y - a +1 cloak
Jewellery
 q - the ring "Vatoagew" {MR+ Int+2 Slay+3}
   (You found it in the Dungeon)

   [ring of protection from magic]

   It affects your intelligence (+2).
   It affects your accuracy and damage with ranged weapons and melee attacks
   (+3).
   It affects your resistance to hostile enchantments.
 r - a +3 ring of dexterity
 E - an uncursed ring of protection from cold
 F - the ring "Rurpho Rial" (left hand) {rF+ rC+ rN+ Str+4 Dex+6}
   (You found it in the Dungeon)

   [ring of protection from cold]

   It affects your strength (+4).
   It affects your dexterity (+6).
   It protects you from fire.
   It protects you from cold.
   It protects you from negative energy.
 G - an uncursed ring of stealth
 H - an uncursed ring of ice
 R - a +4 ring of protection (right hand)
 S - an uncursed ring of wizardry
 T - a +4 ring of evasion
 U - a +4 ring of protection
Wands
 o - a wand of acid (7)
 v - a wand of clouds (6)
 B - a wand of digging (12)
 D - a wand of disintegration (7)
Scrolls
 k - a scroll of blinking
 m - 9 scrolls of remove curse
 n - 2 scrolls of amnesia
 x - a scroll of fear
 y - 3 scrolls of identify
 z - 6 scrolls of enchant weapon
 O - 5 scrolls of enchant armour
 P - a scroll of fog
Potions
 e - 6 potions of curing
 g - a potion of heal wounds
 h - 3 potions of haste
 i - 4 potions of magic
 j - 2 potions of berserk rage
 l - a potion of invisibility
 t - 2 potions of mutation
 Q - 2 potions of agility
 W - 2 potions of might
 Z - 2 potions of brilliance
Miscellaneous
 w - a lightning rod (4/4)


   Skills:
 O Level 27 Fighting
 O Level 27 Axes
 - Level 3.7 Crossbows
 - Level 3.2 Throwing
 O Level 27 Armour
 O Level 27 Dodging
 + Level 14.4 Stealth
 O Level 27 Shields
 - Level 3.5 Unarmed Combat
 + Level 17.0 Spellcasting
 + Level 11.1 Conjurations
 + Level 10.3 Charms
 + Level 11.4 Summonings
 O Level 27 Ice Magic
 O Level 27 Evocations


You had 40 spell levels left.
You knew the following spells:

 Your Spells              Type           Power        Failure   Level  Hunger
a - Freeze                Ice            ####         0%          1    None
b - Throw Frost           Conj/Ice       #####.       1%          2    None
c - Ozocubu's Armour      Chrm/Ice       #####...     1%          3    None
d - Summon Ice Beast      Ice/Summ       #####...     1%          4    ###....
e - Throw Icicle          Conj/Ice       #####...     1%          4    ###....


Dungeon Overview and Level Annotations

Branches:
Dungeon (1/1)

Altars:
Cheibriados
Dithmenos
Elyvilon
Fedhas
Gozag
Hepliaklqana
Kikubaaqudgha
Makhleb
Nemelex Xobeh
Okawaru
Qazlal
Ru
Sif Muna
Trog
Uskayaw
Vehumet
Wu Jian
Xom
Yredelemnul
Zin
The Shining One
Beogh
Jiyva
Lugonu

Shops:
D (=[*


Innate Abilities, Weirdness & Mutations

You reflexively headbutt those who attack you in melee.
You have a pair of horns on your head.
Scrolls take you a little longer to read.
You expend magic power (3 MP) to strengthen your wands.


Message History

The greater mummy is severely damaged.
You slash the greater mummy! You headbutt the greater mummy!
The greater mummy is almost destroyed.
The greater mummy misses you.
You hit the greater mummy. You headbutt the greater mummy!
The greater mummy is almost destroyed.
You slash the greater mummy!
You destroy the greater mummy!
You feel extremely nervous for a moment...
You are engulfed in negative energy!
You partially resist.
You feel drained.
The emperor scorpion disappears in a puff of smoke! x2
Your lightning rod (4/4) has regained four charges.
Your life force feels restored.
Your Spellcasting skill increases to level 17!
Unknown command.
Your extra speed is starting to run out.
You feel yourself slow down.
You see here a +1 troll leather armour {Snorg}.
You have starved to death.
You die...

▓▓▓▓▓▓▓▓▓▓▓▓▓▓▓▓▓▓▓▓▓▓▓▓▓▓▓▓▓▓
.▓...▓..(▓...▓...▓...▓...▓...▓
.▓.▓.▓.▓.▓.▓.▓.▓.▓.▓.▓.▓.▓.▓.▓
.▓.▓.▓.▓(▓.▓.▓.▓.▓.▓.▓'▓.▓.▓.▓
.▓.▓.▓.▓(▓'▓.▓.▓.▓.▓.▓.▓.▓.▓.▓
.▓.▓.▓'▓.▓)▓.▓.▓@▓'▓.▓.▓.▓.▓.▓
.▓.▓.♣.♣.▓.▓.▓.▓.▓.▓.▓.▓.▓'▓.▓
.▓.▓.♣.♣.▓)▓.▓'▓.▓.▓.▓.▓.▓.▓.▓
.▓.▓.♣.♣)▓.▓.▓.▓.▓.▓M▓.▓M▓.▓M▓
.▓.▓.♣.♣.▓|▓.▓}▓.▓.▓.▓.▓.▓.▓.▓
.▓.▓.♣.♣.▓)▓.▓.▓.▓.▓.▓.▓.▓.▓.▓
.▓'▓.♣.♣.▓)▓.▓.▓.▓)▓.▓0▓.▓.▓.▓
.▓.▓.♣.♣.▓)▓.▓.▓.▓)▓.▓.▓.▓.▓.▓
.▓.▓.♣.♣.▓)▓.▓.▓.▓)▓.▓.▓.▓.▓.▓


There were no monsters in sight!

Vanquished Creatures
  the Royal Jelly (D)
  Mara (D)
  2 orbs of fire (D)
  3 ancient liches (D)
  4 greater mummies (D)
  Sojobo (D)
  Frederick (D)
  Xtahua (D)
  2 curse toes (D)
  Nikola (D)
  2 bone dragons (D)
  2 golden dragons (D)
  Jory (D)
  3 electric golems (D)
  8 tentacled monstrosities (D)
  27 Orb Guardians (D)
  3 deep elf master archers (D)
  2 liches (D)
  15 acid blobs (D)
  2 deep elf blademasters (D)
  11 sphinxes (D)
  A quicksilver dragon (D)
  Frances (D)
  2 tengu reavers (D)
  A thorn hunter (D)
  A storm dragon (D)
  9 shadow dragons (D)
  2 azure jellies (D)
  6 nagarajas (D)
  A vault warden (D)
  A draconian monk (D)
  2 draconian knights (D)
  2 frost giants (D)
  Ilsuiw (D)
  2 fire giants (D)
  2 draconian scorchers (D)
  4 deep elf sorcerers (D)
  3 draconian shifters (D)
  5 ghost moths (D)
  3 emperor scorpions (D)
  2 draconian annihilators (D)
  A spriggan defender (D)
  4 ironheart preservers (D)
  4 draconian stormcallers (D)
  An entropy weaver (D)
  11 vampire knights (D)
  2 very ugly things (D)
  A deep elf demonologist (D)
  6 stone giants (D)
  2 green draconians (D)
  A deep elf annihilator (D)
  A white draconian (D)
  3 yellow draconians (D)
  3 purple draconians (D)
  4 black draconians (D)
  5 red draconians (D)
  4 merfolk impalers (D)
  5 merfolk javelineers (D)
  Snorg (D)
  A mummy priest (D)
  A deep elf death mage (D)
  4 ettins (D)
  2 yaktaur captains (D)
  7 fire dragons (D)
  12 death oozes (D)
  2 ice dragons (D)
  2 deep elf high priests (D)
  7 hydras (D)
  25 vault guards (D)
  2 naga warriors (D)
  Harold (D)
  A rakshasa (D)
  A merfolk avatar (D)
  2 centaur warriors (D)
  An anaconda (D)
  2 two-headed ogres (D)
  2 merfolk aquamancers (D)
  An alligator snapping turtle (D)
  A death knight (D)
  2 alligators (D)
  2 tengu warriors (D)
  5 ogre magi (D)
  2 deep troll shamans (D)
  A deep troll earth mage (D)
  2 spriggan berserkers (D)
  An orc high priest (D)
  Urug (D)
  A shock serpent (D)
  Nergalle (D)
  A deep elf knight (D)
  A salamander mystic (D)
  A spriggan druid (D)
  5 deep trolls (D)
  A wizard (D)
  3 sea snakes (D)
  3 deep elf archers (D)
  7 swamp dragons (D)
  A phantasmal warrior (D)
  A necromancer (D)
  3 orc knights (D)
  An ugly thing (D)
  5 wolf spiders (D)
  A cyclops (D)
  2 manticores (D)
  3 black mambas (D)
  3 guardian serpents (D)
  9 moths of wrath (D)
  Joseph (D)
  2 naga magi (D)
  3 vault sentinels (D)
  5 spiny frogs (D)
  3 komodo dragons (D)
  3 demonic crawlers (D)
  A kobold demonologist (D)
  A rime drake (D)
  19 guardian mummies (D)
  3 yaktaurs (D)
  A freezing wraith (D)
  4 trolls (D)
  A troll (shapeshifter) (D)
  A jumping spider (D)
  A tyrant leech (D)
  A hornet (D)
  3 merfolk (D)
  2 slime creatures (D)
  3 hippogriffs (D)
  A snapping turtle (D)
  A blink frog (D)
  6 redbacks (D)
  11 spriggans (D)
  A shadow (D)
  3 wyverns (D)
  A wraith (D)
  A human (shapeshifter) (D)
  Eustachio (D)
  2 golden eyes (D)
  A vampire mosquito (D)
  A basilisk (D)
  3 wargs (D)
  3 nagas (D)
  2 floating eyes (D)
  3 porcupines (D)
  2 water moccasins (D)
  3 hell hounds (D)
  10 orc warriors (D)
  A sky beast (D)
  A black bear (shapeshifter) (D)
  2 wolves (D)
  2 bullfrogs (D)
  A killer bee (D)
  3 crimson imps (D)
  A jelly (D)
  4 orc priests (D)
  4 orc wizards (D)
  A shadow imp (D)
  An adder zombie (D)
  An adder simulacrum (D)
  9 orcs (D)
  A bat (D)
  A bat zombie (D)
  A goblin (D)
  A frilled lizard (D)
  A giant cockroach simulacrum (D)
  2 kobolds (D)
  A rat (D)
502 creatures vanquished.

Vanquished Creatures (collateral kills)
  A sphinx (D)
1 creature vanquished.

Grand Total: 503 creatures vanquished

Notes
Turn   | Place    | Note
-------+----------+-------------------------------------------
     0 | D        | equalderp2856 the Minotaur Fighter began the quest for the Orb.
     0 | D        | Reached XP level 1. HP: 19/19 MP: 0/0
    63 | D        | Noticed a crimson imp
    65 | D        | Reached XP level 2. HP: 28/28 MP: 1/1
    74 | D        | Killed a crimson imp
    74 | D        | Reached skill level 5 in Fighting
    74 | D        | Reached skill level 5 in Armour
    74 | D        | Reached skill level 5 in Shields
    74 | D        | Reached XP level 3. HP: 36/37 MP: 2/2
    81 | D        | Found a roughly hewn altar of Beogh.
    81 | D        | Found a snail-covered altar of Cheibriados.
    81 | D        | Found a shadowy altar of Dithmenos.
    81 | D        | Found a white marble altar of Elyvilon.
    81 | D        | Found a blossoming altar of Fedhas.
    81 | D        | Found an opulent altar of Gozag.
    82 | D        | Found a hazy altar of Hepliaklqana.
    83 | D        | Found a viscous altar of Jiyva.
    84 | D        | Found an ancient bone altar of Kikubaaqudgha.
    85 | D        | Found a corrupted altar of Lugonu.
    86 | D        | Found a burning altar of Makhleb.
    87 | D        | Found a sparkling altar of Nemelex Xobeh.
    88 | D        | Found an iron altar of Okawaru.
    89 | D        | Found a stormy altar of Qazlal.
    90 | D        | Found a sacrificial altar of Ru.
    91 | D        | Found a deep blue altar of Sif Muna.
    92 | D        | Found a bloodstained altar of Trog.
    93 | D        | Found a hide-covered altar of Uskayaw.
    94 | D        | Found a radiant altar of Vehumet.
    95 | D        | Found an ornate altar of the Wu Jian Council.
    96 | D        | Found a shimmering altar of Xom.
    97 | D        | Found a basalt altar of Yredelemnul.
    98 | D        | Found a glowing silver altar of Zin.
    99 | D        | Found a glowing golden altar of the Shining One.
   158 | D        | Noticed a sky beast
   158 | D        | Noticed a hippogriff
   158 | D        | Noticed a killer bee
   158 | D        | Noticed an orc warrior
   159 | D        | Reached XP level 4. HP: 45/45 MP: 3/3
   171 | D        | Reached skill level 5 in Axes
   175 | D        | Killed an orc warrior
   175 | D        | Reached XP level 5. HP: 33/53 MP: 4/4
   185 | D        | Killed a hippogriff
   185 | D        | Reached skill level 1 in Dodging
   185 | D        | Reached XP level 6. HP: 30/64 MP: 5/5
   187 | D        | Killed a sky beast
   187 | D        | Reached XP level 7. HP: 34/71 MP: 6/6
   375 | D        | Noticed a manticore
   375 | D        | Noticed a hippogriff
   375 | D        | Noticed a wyvern
   375 | D        | Noticed a manticore
   375 | D        | Noticed a wraith
   375 | D        | Noticed a wyvern
   400 | D        | Killed a wyvern
   400 | D        | Reached skill level 10 in Fighting
   400 | D        | Reached skill level 10 in Axes
   400 | D        | Reached skill level 10 in Armour
   400 | D        | Reached skill level 10 in Shields
   407 | D        | Killed a wraith
   410 | D        | Killed a manticore
   410 | D        | Reached XP level 8. HP: 62/82 MP: 7/7
   419 | D        | Killed a hippogriff
   426 | D        | Killed a manticore
   687 | D        | Noticed a spiny frog
   687 | D        | Noticed a komodo dragon
   689 | D        | Reached XP level 9. HP: 90/90 MP: 8/8
   696 | D        | Killed a spiny frog
   697 | D        | Noticed a komodo dragon
   697 | D        | Killed a komodo dragon
   697 | D        | Reached skill level 1 in Evocations
   699 | D        | Noticed a spiny frog
   702 | D        | Killed a komodo dragon
   702 | D        | Reached skill level 15 in Axes
   707 | D        | Killed a spiny frog
   835 | D        | Noticed a spiny frog
   835 | D        | Noticed a rime drake
   835 | D        | Noticed a komodo dragon
   838 | D        | Killed a komodo dragon
   839 | D        | Killed a rime drake
   839 | D        | Reached XP level 10. HP: 87/100 MP: 10/10
   840 | D        | Killed a spiny frog
   840 | D        | Reached skill level 1 in Stealth
   842 | D        | Noticed a spiny frog
   849 | D        | Killed a spiny frog
  1007 | D        | Noticed Eustachio
  1014 | D        | Killed Eustachio
  1148 | D        | Noticed an orc high priest
  1151 | D        | Killed an orc high priest
  1151 | D        | Reached skill level 15 in Shields
  1172 | D        | Reached skill level 5 in Evocations
  1189 | D        | Reached XP level 11. HP: 91/107 MP: 13/13
  1249 | D        | Found Itycicyt's General Store.
  1249 | D        | Noticed a deep troll
  1249 | D        | Noticed an ogre mage
  1250 | D        | Noticed a deep troll
  1253 | D        | Killed a deep troll
  1253 | D        | Killed an ogre mage
  1254 | D        | Noticed a deep troll
  1255 | D        | Found Natsais's Armour Shop.
  1261 | D        | Noticed a deep troll
  1261 | D        | Killed a deep troll
  1263 | D        | Noticed an ogre mage
  1265 | D        | Killed a deep troll
  1266 | D        | Found Govuare's Jewellery Boutique.
  1270 | D        | Killed an ogre mage
  1281 | D        | Killed a deep troll
  1455 | D        | Found Bequyn's Weapon Shop.
  1460 | D        | Noticed a deep troll
  1461 | D        | Noticed an ogre mage
  1462 | D        | Noticed an ettin
  1467 | D        | Killed a deep troll
  1468 | D        | Paralysed by an ogre mage for 4 turns
  1473 | D        | Killed an ogre mage
  1474 | D        | Killed an ettin
  1474 | D        | Reached skill level 15 in Fighting
  1474 | D        | Reached skill level 15 in Armour
  1630 | D        | Bought a scarf of repulsion for 156 gold pieces
  1678 | D        | Noticed Harold
  1690 | D        | Killed Harold
  1705 | D        | Noticed Joseph
  1714 | D        | Killed Joseph
  1838 | D        | Got the cursed +0 cloak of Ifesafig {MP+9}
  1923 | D        | Noticed a two-headed ogre
  1924 | D        | Noticed a two-headed ogre
  1927 | D        | Noticed a frost giant
  1932 | D        | Noticed a rakshasa
  1935 | D        | Noticed a stone giant
  1935 | D        | Killed a two-headed ogre
  1935 | D        | Reached XP level 12. HP: 121/121 MP: 17/17
  1938 | D        | Killed a two-headed ogre
  1939 | D        | Noticed an ogre mage
  1940 | D        | Killed a rakshasa
  1941 | D        | Killed a frost giant
  1941 | D        | Reached skill level 10 in Evocations
  1942 | D        | Killed a stone giant
  1945 | D        | Noticed a vampire knight
  1945 | D        | Killed an ogre mage
  1954 | D        | Killed a vampire knight
  2051 | D        | Noticed Frances
  2060 | D        | Killed Frances
  2117 | D        | Noticed an anaconda
  2121 | D        | Killed an anaconda
  2134 | D        | Reached XP level 13. HP: 69/132 MP: 20/20
  2349 | D        | Noticed a merfolk impaler
  2354 | D        | Killed a merfolk impaler
  2369 | D        | Noticed an emperor scorpion
  2369 | D        | Noticed an emperor scorpion
  2376 | D        | Killed an emperor scorpion
  2383 | D        | Killed an emperor scorpion
  2386 | D        | Noticed an entropy weaver
  2400 | D        | Killed an entropy weaver
  2604 | D        | Noticed a thorn hunter
  2612 | D        | Noticed a purple very ugly thing
  2612 | D        | Killed a thorn hunter
  2622 | D        | Killed a purple very ugly thing
  2748 | D        | Noticed Urug
  2767 | D        | Killed Urug
  2846 | D        | Noticed a stone giant
  2846 | D        | Noticed a fire dragon
  2846 | D        | Noticed an ettin
  2846 | D        | Noticed a fire dragon
  2849 | D        | Killed an ettin
  2851 | D        | Killed a fire dragon
  2852 | D        | Noticed a fire dragon
  2855 | D        | Killed a fire dragon
  2861 | D        | Noticed a stone giant
  2862 | D        | Killed a stone giant
  2862 | D        | Reached XP level 14. HP: 103/144 MP: 24/24
  2863 | D        | Noticed a spriggan defender
  2866 | D        | Reached skill level 15 in Evocations
  2868 | D        | Noticed a stone giant
  2868 | D        | Killed a spriggan defender
  2868 | D        | Killed a stone giant
  2880 | D        | Killed a stone giant
  3821 | D        | Noticed a vault warden
  3824 | D        | Reached skill level 5 in Dodging
  3828 | D        | Killed a vault warden
  3841 | D        | Noticed a purple very ugly thing
  3842 | D        | Noticed an ironheart preserver
  3846 | D        | Noticed a stone giant
  3847 | D        | Noticed a frost giant
  3852 | D        | Killed an ironheart preserver
  3854 | D        | Killed a stone giant
  3854 | D        | Killed a purple very ugly thing
  3856 | D        | Killed a frost giant
  4093 | D        | Noticed Xtahua
  4101 | D        | Paralysed by Xtahua for 7 turns
  4117 | D        | Killed Xtahua
  4705 | D        | Noticed Ilsuiw
  4718 | D        | Reached XP level 15. HP: 144/155 MP: 25/27
  4720 | D        | Killed Ilsuiw
  4778 | D        | Noticed a nagaraja
  4778 | D        | Noticed a nagaraja
  4778 | D        | Noticed a nagaraja
  4781 | D        | Noticed a nagaraja
  4783 | D        | Killed a nagaraja
  4783 | D        | Killed a nagaraja
  4787 | D        | Killed a nagaraja
  4789 | D        | Noticed a nagaraja
  4792 | D        | Noticed a nagaraja
  4793 | D        | Killed a nagaraja
  4803 | D        | Killed a nagaraja
  4811 | D        | Killed a nagaraja
  4816 | D        | Got a serpentine rune of Zot
  5105 | D        | Killed a ghost moth
  5107 | D        | Killed a ghost moth
  5111 | D        | Killed a ghost moth
  5121 | D        | Killed a ghost moth
  5125 | D        | Got a gossamer rune of Zot
  5385 | D        | Got a decaying rune of Zot
  5414 | D        | Noticed Mara
  5418 | D        | Noticed equalderp2856's illusion
  5425 | D        | Killed Mara
  5425 | D        | Reached XP level 16. HP: 137/169 MP: 29/29
  5439 | D        | Noticed Nikola
  5514 | D        | Got a barnacled rune of Zot
  6018 | D        | Killed Nikola
  6038 | D        | Noticed Frederick
  6059 | D        | Killed Frederick
  6394 | D        | Reached skill level 27 in Shields
  6583 | D        | Noticed a lich
  6636 | D        | Killed a lich
  6640 | D        | Noticed a shadow dragon
  6650 | D        | Killed a shadow dragon
  6863 | D        | Noticed a shadow dragon
  6877 | D        | Killed a shadow dragon
  7118 | D        | Noticed a shadow dragon
  7118 | D        | Noticed a golden dragon
  7118 | D        | Noticed a golden dragon
  7118 | D        | Noticed a shadow dragon
  7122 | D        | Noticed a shadow dragon
  7124 | D        | Noticed a shadow dragon
  7128 | D        | Killed a shadow dragon
  7130 | D        | Killed a shadow dragon
  7130 | D        | Killed a shadow dragon
  7130 | D        | Reached XP level 17. HP: 149/188 MP: 31/31
  7133 | D        | Killed a golden dragon
  7133 | D        | Reached skill level 10 in Dodging
  7139 | D        | Killed a golden dragon
  7139 | D        | Reached skill level 5 in Stealth
  7286 | D        | Got a silver rune of Zot
  7301 | D        | Learned a level 1 spell: Freeze
  7304 | D        | Learned a level 2 spell: Throw Frost
  7308 | D        | Learned a level 3 spell: Ozocubu's Armour
  7313 | D        | Learned a level 4 spell: Summon Ice Beast
  7318 | D        | Learned a level 4 spell: Throw Icicle
  7341 | D        | Noticed Sojobo
  7383 | D        | Killed Sojobo
  7383 | D        | Reached skill level 27 in Axes
  7567 | D        | Noticed Nergalle
  7584 | D        | Killed Nergalle
  7630 | D        | Got the ring "Rurpho Rial" {rF+ rC+ rN+ Str+4 Dex+6}
  7635 | D        | Got the ring "Ashrov" {Fire rN+ Str+3 SInv}
  7638 | D        | Got the amulet of Vehumet's Esteem {Reflect *Slow rElec rC+ SH+3 Stlth+}
  7641 | D        | Got the ring of Lorisani {*Slow MR+ EV+3 Stlth+}
  7644 | D        | Got the ring "Vatoagew" {MR+ Int+2 Slay+3}
  7654 | D        | Found the +9 scales of the Dragon King {rPois rF+ rC+ MR+}
  7662 | D        | Found the +2 pair of boots of the Assassin {Detection Stab+ Stlth++}
  7863 | D        | Noticed Snorg
  7870 | D        | Killed Snorg
  7913 | D        | Noticed Jory
  7941 | D        | Killed Jory
  7941 | D        | Reached skill level 27 in Fighting
  8040 | D        | Noticed a tentacled monstrosity
  8054 | D        | Killed a tentacled monstrosity
  8128 | D        | Noticed a bone dragon
  8138 | D        | Noticed a bone dragon
  8146 | D        | Killed a bone dragon
  8164 | D        | Killed a bone dragon
  8489 | D        | Noticed a tentacled monstrosity
  8489 | D        | Noticed a quicksilver dragon
  8501 | D        | Killed a quicksilver dragon
  8501 | D        | Reached skill level 27 in Armour
  8507 | D        | Killed a tentacled monstrosity
  8507 | D        | Reached skill level 27 in Evocations
  8516 | D        | Noticed a tentacled monstrosity
  8526 | D        | Reached XP level 18. HP: 184/200 MP: 34/34
  8526 | D        | Killed a tentacled monstrosity
  8531 | D        | Reached skill level 15 in Dodging
  8680 | D        | Noticed a curse toe
  8693 | D        | Killed a curse toe
  8734 | D        | Noticed a tentacled monstrosity
  8734 | D        | Noticed a tentacled monstrosity
  8744 | D        | Killed a tentacled monstrosity
  8753 | D        | Killed a tentacled monstrosity
  8864 | D        | Noticed an Orb Guardian
  8864 | D        | Noticed an Orb Guardian
  8864 | D        | Noticed an Orb Guardian
  8864 | D        | Noticed an Orb Guardian
  8864 | D        | Noticed an Orb Guardian
  8864 | D        | Noticed an Orb Guardian
  8866 | D        | Noticed an Orb Guardian
  8868 | D        | Killed an Orb Guardian
  8868 | D        | Killed an Orb Guardian
  8868 | D        | Killed an Orb Guardian
  8868 | D        | Killed an Orb Guardian
  8869 | D        | Killed an Orb Guardian
  8871 | D        | Noticed an Orb Guardian
  8881 | D        | Noticed an Orb Guardian
  8882 | D        | Killed an Orb Guardian
  8882 | D        | Reached skill level 27 in Dodging
  8886 | D        | Killed an Orb Guardian
  8886 | D        | Reached skill level 1 in Throwing
  8886 | D        | Reached skill level 1 in Spellcasting
  8886 | D        | Reached skill level 1 in Conjurations
  8886 | D        | Reached skill level 1 in Charms
  8886 | D        | Reached skill level 1 in Summonings
  8886 | D        | Reached skill level 1 in Ice Magic
  8889 | D        | Killed an Orb Guardian
  8894 | D        | Killed an Orb Guardian
  8897 | D        | Noticed an Orb Guardian
  8904 | D        | Killed an Orb Guardian
  8910 | D        | Noticed an Orb Guardian
  8910 | D        | Noticed an Orb Guardian
  8910 | D        | Noticed a tentacled monstrosity
  8910 | D        | Noticed a tentacled monstrosity
  8915 | D        | Noticed an Orb Guardian
  8918 | D        | Noticed an Orb Guardian
  8918 | D        | Killed an Orb Guardian
  8918 | D        | Reached skill level 5 in Ice Magic
  8918 | D        | Killed an Orb Guardian
  8919 | D        | Killed a tentacled monstrosity
  8923 | D        | Killed a tentacled monstrosity
  8931 | D        | Killed an Orb Guardian
  8931 | D        | Reached skill level 10 in Ice Magic
  8931 | D        | Reached XP level 19. HP: 194/207 MP: 35/35
  8965 | D        | Noticed an ancient lich
  8972 | D        | Killed an ancient lich
  8989 | D        | Noticed an orb of fire
  8999 | D        | Killed an orb of fire
  9002 | D        | Noticed an electric golem
  9010 | D        | Killed an electric golem
  9091 | D        | Noticed an electric golem
  9091 | D        | Noticed a curse toe
  9091 | D        | Noticed an ancient lich
  9094 | D        | Noticed an orb of fire
  9146 | D        | Killed an ancient lich
  9146 | D        | Reached skill level 15 in Ice Magic
  9154 | D        | Gained mutation: You expend magic power (3 MP) to strengthen your wands. [an orb of fire]
  9161 | D        | Gained mutation: Scrolls take you a little longer to read. [an orb of fire]
  9168 | D        | Killed an orb of fire
  9184 | D        | Killed a curse toe
  9227 | D        | Killed an electric golem
 12106 | D        | Noticed an ancient lich
 12135 | D        | Killed an ancient lich
 12135 | D        | Reached skill level 5 in Conjurations
 12135 | D        | Reached skill level 5 in Summonings
 12143 | D        | Noticed an electric golem
 12162 | D        | Killed an electric golem
 12476 | D        | Reached skill level 5 in Spellcasting
 12483 | D        | Reached skill level 5 in Charms
 12665 | D        | Reached XP level 20. HP: 174/216 MP: 36/36
 13190 | D        | Reached skill level 10 in Stealth
 13551 | D        | Got an elven rune of Zot
 13585 | D        | Paralysed by a floating eye for 3 turns
 13606 | D        | Reached skill level 27 in Ice Magic
 13659 | D        | Noticed the Royal Jelly
 13688 | D        | Killed the Royal Jelly
 14337 | D        | Paralysed by a floating eye for 2 turns
 14346 | D        | Paralysed by a floating eye for 2 turns
 14354 | D        | Paralysed by a floating eye for 2 turns
 14593 | D        | Got a slimy rune of Zot
 14690 | D        | Reached skill level 10 in Conjurations
 14690 | D        | Reached skill level 10 in Summonings
 14701 | D        | Reached skill level 10 in Spellcasting
 14701 | D        | Reached skill level 10 in Charms
 14701 | D        | Reached XP level 21. HP: 149/224 MP: 37/37
 14933 | D        | Noticed a greater mummy
 15125 | D        | Killed a greater mummy
 15459 | D        | Noticed a greater mummy
 15475 | D        | Killed a greater mummy
 15483 | D        | Reached skill level 15 in Spellcasting
 15913 | D        | Noticed a greater mummy
 15913 | D        | Noticed a greater mummy
 15913 | D        | Noticed a greater mummy
 16134 | D        | Killed a greater mummy
 16155 | D        | HP: 9/224 [emperor scorpion[a greater mummy] (17)]
 16160 | D        | HP: 9/224 [mummy priest/divine providence (10)]
 16611 | D        | Paralysed by fainting for 9 turns
 16670 | D        | Killed a greater mummy
 16703 | D        | Starved to death

Skill      XL: |  1  2  3  4  5  6  7  8  9 10 11 12 13 14 15 16 17 18 19 20 21 |
---------------+----------------------------------------------------------------+-----
Fighting       | 4 5 6 8 9 11 12 13 15 17 18 19 22 25 27 | 27.0
Armour         | 4 5 6 7 9 10 11 13 14 15 16 19 21 22 24 27 | 27.0
Shields        | 4 5 6 7 9 11 12 13 15 17 19 21 23 25 27 | 27.0
Axes           | 3 4 6 8 9 11 13 15 17 19 20 21 22 26 27 | 27.0
Dodging        | 1 2 3 4 5 7 9 13 27 | 27.0
Evocations     | 2 5 9 11 14 18 21 22 27 | 27.0
Stealth        | 1 2 3 4 5 7 9 14 | 14.4
Crossbows      | 3 |  3.7
Throwing       | 3 |  3.2
Unarmed Combat | 3 |  3.5
Spellcasting   | 3 5 10 17 | 17.0
Conjurations   | 3 5 10 11 | 11.1
Charms         | 3 5 10 | 10.3
Summonings     | 3 5 10 11 | 11.4
Ice Magic      | 10 22 27 | 27.0

Action                   |  1- 3 |  4- 6 |  7- 9 | 10-12 | 13-15 | 16-18 | 19-21 || total
-------------------------+-------+-------+-------+-------+-------+-------+-------++-------
Melee: War axe           |    20 |    17 |    35 |   123 |    55 |       |       ||   250
       Headbutt          |     4 |     5 |    17 |    33 |    45 |   163 |   176 ||   443
       Broad axe         |       |       |       |       |   102 |   441 |   514 ||  1057
 Cast: Summon Ice Beast  |       |       |       |       |       |       |     2 ||     2
Evoke: Lightning rod     |       |       |    10 |    41 |   111 |    99 |    54 ||   315
       Wand              |       |       |       |     1 |     4 |     4 |     1 ||    10
  Use: Scroll            |       |       |       |     2 |     2 |     5 |     4 ||    13
       Potion            |       |       |       |     2 |     6 |     4 |    15 ||    27
  Eat: Ration            |       |       |       |     2 |     2 |     3 |     6 ||    13
       Chunk             |       |       |       |       |       |       |     3 ||     3
Armor: Scale mail        |     8 |       |       |       |       |       |       ||     8
       Plate armour      |       |    15 |    15 |    45 |   121 |       |       ||   196
       Storm dragon scal |       |       |       |       |       |    59 |       ||    59
       Gold dragon scale |       |       |       |       |       |   111 |   151 ||   262
Dodge: Dodged            |     3 |     6 |    12 |    32 |    56 |   132 |   208 ||   449
       Deflected         |       |       |       |     1 |     6 |     5 |    16 ||    28
Block: Shield            |     8 |     9 |    30 |    83 |   164 |   253 |   330 ||   877
